 Dungeon Crawl Stone Soup version 0.29-a0-1027-gcd8c55af63 (webtiles) character file.

Game seed: 4253875408344205006

97 Locuples the Sneak (level 4, -10/33 HPs)
             Began as a Demonspawn Brigand on Aug 12, 2022.
             Killed from afar by Natasha (21 damage)
             ... with a bolt of dispelling energy
             ... on level 2 of the Dungeon.
             The game lasted 00:03:34 (1437 turns).

Locuples the Sneak (Demonspawn Brigand)             Turns: 1437, Time: 00:03:34

Health: -10/33     AC:  7    Str: 11    XL:     4   Next: 42%
Magic:  4/4        EV: 11    Int: 13    God:
Gold:   114        SH:  0    Dex: 16    Spells: 3/3 levels left

rFire   . . .      SeeInvis .   a - +2 dagger
rCold   . . .      Faith    .   (no shield)
rNeg    . . .      Spirit   .   n - +2 leather armour {Will+}
rPois   .          Reflect  .   (no helmet)
rElec   .          Harm     .   c - +0 cloak
rCorr   .          Rampage  .   m - +0 pair of gloves
Will    +....                   (no boots)
Stlth   +++.......              (no amulet)
HPRegen 0.11/turn               (no ring)
MPRegen 0.09/turn               (no ring)

@: no status effects
A: demonic guardian 1, powered by death 1, sturdy frame 1
a: no special abilities


You were on level 2 of the Dungeon.
You visited 1 branch of the dungeon, and saw 2 of its levels.

You collected 114 gold pieces.

Inventory:

Hand Weapons
 a - a +2 dagger (weapon)
Missiles
 d - 9 poisoned darts (quivered)
 e - 3 curare-tipped darts
Armour
 c - a +0 cloak (worn)
 m - a +0 pair of gloves (worn)
 n - a +2 leather armour of willpower (worn)
Scrolls
 b - a scroll of enchant weapon {unknown}
 f - a scroll of noise {unknown}
 g - a scroll of acquirement {unknown}
 i - 2 scrolls of teleportation {unknown}
 k - a scroll of vulnerability {unknown}
 o - a scroll of identify {unknown}
Potions
 h - a potion of mutation {unknown}
 j - a potion of degeneration {unknown}
 l - a potion of might {unknown}
 p - 2 potions of attraction {unknown}


   Skills:
 - Level 2.0 Fighting
 + Level 2.6 Short Blades
 - Level 1.7 Throwing
 - Level 0.8 Dodging
 + Level 5.2 Stealth


You had 3 spell levels left.
You didn't know any spells.
Your spell library was empty.

Dungeon Overview and Level Annotations

Branches:
Dungeon (2/15)

Altars:

Annotations:
D:2 Natasha


Innate Abilities, Weirdness & Mutations

A weak demonic guardian rushes to your aid.
You regenerate a little health from kills.
Your movements are slightly less encumbered by armour. (ER -2)


Message History

You open the door.
Your ufetubus disappears in a puff of smoke!
Found a robe.
Found a stone staircase leading down.
p - 2 green potions You open the door.
There is an open door here.
There is an open door here.
There is an open door here.
Natasha, Servant of Life and Death comes into view.
She is carrying a wand of quicksilver (11).
Natasha moves out of view.
Natasha hisses angrily.
Natasha casts a spell.
The crimson imp blinks!
Natasha stares at you and mumbles some strange words.
The magic dart hits you!
The crimson imp blinks!
Natasha zaps a wand.
The bolt of dispelling energy hits you! Natasha closely misses you.
You barely miss Natasha. You closely miss Natasha. Natasha claws you.
A demonic guardian appears!
You hit Natasha.
Natasha is lightly wounded.
Natasha barely misses you.
You hit Natasha but do no damage.
Natasha is lightly wounded.
Natasha stares at you and mumbles some strange words.
The magic dart hits you.
You swap places.
Your ufetubus hits Natasha but does no damage.
Your ufetubus hits Natasha.
Natasha howls an incantation.
You feel troubled.
Natasha zaps a wand.
The bolt of dispelling energy hits your ufetubus!
Your ufetubus dies!
Your ufetubus disappears in a puff of smoke!
The bolt of dispelling energy hits you!!
Ouch! That really hurt!
You die...

#..........
#.#....#### #.#.##.# #
#.#.##.# # #......#
#...#### #[..#
############...#
#....@§h.......#######
#.######5.............
###...........###.##
#.........>.........
#.#.##.........##..#
#.#.##..............
#.#.##.........#....
#.#.######.###......
#.#.# #.######...


You could see Natasha and a crimson imp (summoned).

Vanquished Creatures
  Natasha (D:2)
  3 adders (D:2)
  A worm (D:2)
  A dart slug (D:1)
  4 bats (D:1)
  2 endoplasms (D:1)
  A giant cockroach (D:1)
  3 goblins (D:1)
  5 hobgoblins
  A kobold (D:1)
  4 quokkas
  3 ball pythons
  3 frilled lizards
  4 rats
36 creatures vanquished.

Vanquished Creatures (collateral kills)
  A worm (D:2)
1 creature vanquished.

Grand Total: 37 creatures vanquished

Notes
Turn   | Place    | Note
-------+----------+-------------------------------------------
     0 | D:1      | Locuples the Demonspawn Brigand began the quest for the
                  | Orb.
     0 | D:1      | Reached XP level 1. HP: 16/16 MP: 1/1
    59 | D:1      | Reached skill level 4 in Stealth
    63 | D:1      | Gained mutation: You regenerate a little health from kills.
                  | [demonic ancestry]
    63 | D:1      | Reached XP level 2. HP: 19/22 MP: 2/2
   685 | D:1      | Gained mutation: Your movements are slightly less
                  | encumbered by armour. (ER -2) [demonic ancestry]
   685 | D:1      | Reached XP level 3. HP: 26/27 MP: 3/3
  1115 | D:2      | Noticed Natasha
  1120 | D:2      | Killed Natasha
  1121 | D:2      | Reached skill level 5 in Stealth
  1121 | D:2      | Gained mutation: A weak demonic guardian rushes to your
                  | aid. [demonic ancestry]
  1121 | D:2      | Reached XP level 4. HP: 33/33 MP: 4/4
  1413 | D:2      | Noticed Natasha
  1437 | D:2      | Killed from afar by Natasha

Illustrated notes

Levels and vault maps discovered:
D:1:      dpeg_arrival_shrine, layout_basic
D:2:      layout_basic, chequers_serial_rivers_micro_b, uniq_natasha

Skill      XL: |  1  2  3 |
---------------+----------+-----
Stealth        | 4 5 |  5.2
Short Blades   | 2 |  2.6
Fighting       | |  2.0
Throwing       | |  1.7
Dodging        | |  0.8

Action                   |  1- 3 |  4- 6 || total
-------------------------+-------+-------++-------
Melee: Dagger            |   108 |    26 ||   134
       Punch             |     1 |     1 ||     2
 Stab: Sleeping          |     8 |     1 ||     9
Armor: Robe              |    15 |       ||    15
       Leather armour    |    22 |       ||    22
Dodge: Dodged            |    62 |     9 ||    71

Table legend: (Time is in decaauts)
 A = Elapsed time spent in this place.
 B = Non-inter-level travel time spent in this place.
 C = Inter-level travel time spent in this place.
 D = Time resting spent in this place.
 E = Time spent auto-exploring this place.
 F = Levels seen in this place.
 G = Mean time per level.
                   A        B        C        D        E       F      G
               +--------+--------+--------+--------+--------+-----+--------+
         Total |   1424 |   1403 |     21 |     99 |    870 |   2 |  712.0 |
       Dungeon |   1424 |   1403 |     21 |     99 |    870 |   2 |  712.0 |
               +--------+--------+--------+--------+--------+-----+--------+

Top non-repeatable levels by time:
     D:1: 766 daAuts
     D:2: 657 daAuts
